 Dungeon Crawl Stone Soup version 0.25-a0-743-g84dc20635f (console) character file.

Game seed: 17500996879280275772, levelgen mode: deterministic

604601 xgamerde the Metallomancer (level 26, -3/234 HPs)
             Began as a Deep Dwarf Earth Elementalist on Apr 12, 2020.
             Was a Believer of Elyvilon.
             Killed from afar by a yellow draconian monk (5 damage)
             ... with a glob of acid
             ... on level 1 of the Realm of Zot on Apr 13, 2020.
             The game lasted 08:18:48 (79944 turns).

xgamerde the Metallomancer (DDEE)                  Turns: 79944, Time: 08:18:49

Health: -3/234     AC: 29    Str:  9    XL:     26   Next: 58%
Magic:  33/35 (26) EV: 16    Int: 30    God:    Elyvilon [**....]
Gold:   5461       SH: 17    Dex:  9    Spells: 1/43 levels left

rFire    + . .     SeeInvis +   a - +8 mithril axe "Arga" {speed, MR+}
rCold    . . .     Gourm    .   D - +5 kite shield {reflect}
rNeg     + . .     Faith    .   T - +7 swamp dragon scales
rPois    +         Spirit   .   B - +2 helmet
rElec    +         Reflect  +   g - +2 cloak of the Republic {MR++ Regen+ Dex-4 SInv}
rCorr    .         Harm     .   G - +2 pair of gloves
MR       +++++                  P - +2 pair of boots {run}
Stlth    ++........             M - amulet of magic regeneration
HPRegen  0.00/turn              Z - ring "Leonoo" {rF+ MP+9 Slay+3}
MPRegen  0.49/turn              l - ring "Oroagie" {rElec MR+++ Str-4 Int+3 SInv}

@: corroded, non-regenerating, lightly drained, quick
A: damage resistance, heal wounds, negative energy resistance 1, sense
surroundings 3, no regeneration
}: 3/15 runes: decaying, serpentine, silver
a: Heal Wounds, Lesser Healing, Heal Other, Divine Protection, Renounce Religion


You were on level 1 of the Realm of Zot.
You worshipped Elyvilon.
Elyvilon was pleased with you.
You were not hungry.

You visited 11 branches of the dungeon, and saw 48 of its levels.
You visited 1 bazaar.
You also visited: Trove, Bailey, Gauntlet and Ice Cave.

You collected 11020 gold pieces.
You spent 5559 gold pieces at shops.

Inventory:

Hand Weapons
 a - the +8 mithril axe "Arga" (weapon) {speed, MR+}
   (You found it in a treasure trove)

   Attacks with this weapon are significantly faster.
   It affects your resistance to hostile enchantments.
 p - a +2 battleaxe of flaming
Missiles
 b - 618 stones (quivered)
Armour
 g - the +2 cloak of the Republic (worn) {MR++ Regen+ Dex-4 SInv}
   (You found it on level 5 of the Vaults)

   It affects your dexterity (-4).
   It affects your resistance to hostile enchantments.
   It lets you see invisible.
   It increases your rate of regeneration.
 y - a +2 cloak of invisibility
 B - a +2 helmet (worn)
 D - a +5 kite shield of reflection (worn)
 G - a +2 pair of gloves (worn)
 P - a +2 pair of boots of running (worn)
 T - +7 swamp dragon scales (worn)
Jewellery
 j - a +5 ring of evasion
 l - the ring "Oroagie" (right hand) {rElec MR+++ Str-4 Int+3 SInv}
   (You found it in a treasure trove)

   [ring of see invisible]

   It affects your strength (-4).
   It affects your intelligence (+3).
   It insulates you from electricity.
   It affects your resistance to hostile enchantments.
   It lets you see invisible.
 m - an uncursed ring of protection from cold
 A - the ring of Elitism {*Tele rElec MR++ Slay+3}
   (You found it on level 5 of the Vaults)

   [ring of teleportation]

   It may teleport you next to monsters.
   It affects your accuracy and damage with ranged weapons and melee attacks
   (+3).
   It insulates you from electricity.
   It affects your resistance to hostile enchantments.
 M - an amulet of magic regeneration (around neck)
 S - an uncursed ring of protection from fire
 Z - the ring "Leonoo" (left hand) {rF+ MP+9 Slay+3}
   (You found it on level 5 of the Vaults)

   [ring of magical power]

   It affects your accuracy and damage with ranged weapons and melee attacks
   (+3).
   It protects you from fire.
   It affects your magic capacity (+9).
Wands
 h - a wand of disintegration (58)
 i - a wand of iceblast (24)
 n - a wand of paralysis (46)
 u - a wand of polymorph (46)
 C - a wand of scattershot (11)
 K - a wand of digging (11)
 W - a wand of acid (28)
 X - a wand of flame (117)
Scrolls
 s - 3 scrolls of summoning
 t - 5 scrolls of teleportation
 w - a scroll of blinking
 F - 3 scrolls of magic mapping
 N - 3 scrolls of silence
 O - 3 scrolls of fear
 R - 6 scrolls of fog
 U - 2 scrolls of holy word
Potions
 f - a potion of invisibility
 k - 16 potions of curing
 o - 2 potions of magic
 x - 7 potions of brilliance
 E - 4 potions of cancellation
 H - 6 potions of flight
 I - 2 potions of haste
 J - 14 potions of heal wounds
 L - 4 potions of ambrosia
 Q - 6 potions of might
 V - 3 potions of resistance
Miscellaneous
 c - 4 boxes of beasts
 e - 10 phantom mirrors
 q - 3 tins of tremorstones
 r - a phial of floods
 z - a phial of floods
 Y - a lightning rod (4/4)
Comestibles
 d - 60 rations
 v - 4 chunks of flesh


   Skills:
 - Level 13.0(12.5) Fighting
 - Level 20.0(19.5) Axes
 - Level 15.0(14.5) Armour
 - Level 15.0(14.5) Dodging
 - Level 4.0(3.6) Stealth
 - Level 15.0(14.5) Shields
 + Level 9.4(9.0) Spellcasting
 - Level 16.0(15.5) Conjurations
 - Level 4.0(3.6) Translocations
 - Level 1.0(0.6) Transmutations
 - Level 8.0(7.6) Fire Magic
 - Level 25.0(24.4) Earth Magic
 - Level 18.0(17.5) Invocations
 - Level 6.0(5.7) Evocations


You had one spell level left.
You knew the following spells:

 Your Spells              Type           Power        Failure   Level  Hunger
a - Sandblast             Erth           ######       0%          1    None
b - Stone Arrow           Conj/Erth      ######       0%          3    None
c - Lee's Rapid Deconstr  Erth           ########..   0%          5    ####...
d - Bolt of Magma         Conj/Fire/Erth #######...   1%          5    ####...
e - Iron Shot             Conj/Erth      #######...   1%          6    #####..
f - Fireball              Conj/Fire      ######....   1%          5    ####...
g - Searing Ray           Conj           ######       1%          2    None
h - Lehudib's Crystal Sp  Conj/Erth      #######...   14%         8    #######
B - Blink                 Tloc           N/A          2%          2    None
C - Conjure Flame         Conj/Fire      ######..     1%          3    None
P - Passwall              Tmut/Erth      ######..     1%          2    None

Your spell library contained the following spells:

 Spells                   Type           Power        Failure   Level  Hunger
 Magic Dart               Conj           ####         0%          1    None
 Apportation              Tloc           #####.       1%          1    None
 Foxfire                  Conj/Fire      ####         1%          1    None
 Beastly Appendage        Tmut           ###...       6%          1    None
 Animate Skeleton         Necr           N/A          9%          1    None
 Corona                   Hex            ##.....      9%          1    None
 Freeze                   Ice            ##..         9%          1    None
 Summon Small Mammal      Summ           ##..         9%          1    None
 Dazzling Flash           Conj/Hex       ######       1%          3    None
 Iskenderun's Mystic Bla  Conj/Tloc      ######..     1%          4    None
 Leda's Liquefaction      Hex/Erth       ######....   1%          4    None
 Petrify                  Tmut/Erth      ######..     1%          4    None
 Borgnjor's Vile Clutch   Necr/Erth      ######....   1%          5    ####...
 Mephitic Cloud           Conj/Pois/Air  #####...     3%          3    None
 Fulminant Prism          Conj/Hex       ######....   3%          4    None
 Hailstorm                Conj/Ice       ######..     3%          4    None
 Inner Flame              Hex/Fire       #####...     4%          3    None
 Gell's Gravitas          Tloc           #####.....   5%          3    None
 Lesser Beckoning         Tloc           #####.....   5%          3    None
 Teleport Other           Tloc           #####...     5%          3    None
 Shroud of Golubria       Chrm/Tloc      ###...       6%          2    None
 Statue Form              Tmut/Erth      ######...    7%          6    #####..
 Ignite Poison            Fire/Tmut/Pois ####....     8%          3    None
 Starburst                Conj/Fire      ######....   11%         6    #####..
 Call Imp                 Summ           ##......     12%         2    None
 Ensorcelled Hibernation  Hex/Ice        ##....       12%         2    None
 Poisonous Vapours        Pois/Air       ##....       12%         2    None
 Slow                     Hex            ##......     12%         2    None
 Portal Projectile        Hex/Tloc       ###...       12%         3    None
 Recall                   Summ/Tloc      N/A          12%         3    None
 Passage of Golubria      Tloc           N/A          19%         4    None
 Spider Form              Tmut/Pois      ###.......   22%         3    None
 Call Canine Familiar     Summ           ##......     24%         3    None
 Confusing Touch          Hex            ##......     24%         3    None
 Frozen Ramparts          Ice            ##....       24%         3    None
 Ozocubu's Armour         Chrm/Ice       ##......     24%         3    None
 Summon Guardian Golem    Hex/Summ       ##......     24%         3    None
 Tukima's Dance           Hex            ##......     24%         3    None
 Shatter                  Erth           ########..   36%         9    #######
 Conjure Ball Lightning   Conj/Air       ######....   45%         6    #####..
 Animate Dead             Necr           N/A          63%         4    None
 Cause Fear               Hex            ##........   63%         4    None
 Summon Ice Beast         Ice/Summ       ##......     63%         4    None
 Summon Lightning Spire   Summ/Air       ##......     63%         4    None
 Summon Forest            Summ/Tloc      ###.......   71%         5    ####...
 Freezing Cloud           Conj/Ice/Air   #####.....   83%         6    #####..
 Yara's Violent Unravell  Hex/Tmut       ###.......   89%         5    ####...
 Aura of Abjuration       Summ           ##........   92%         5    ####...
 Silence                  Hex/Air        ##........   92%         5    ####...
 Summon Demon             Summ           ##........   92%         5    ####...
 Summon Mana Viper        Hex/Summ       ##......     92%         5    ####...
 Darkness                 Hex            ##........   100%        6    #####..
 Death Channel            Necr           ##........   100%        6    #####..
 Deflect Missiles         Chrm/Air       ##........   100%        6    #####..
 Shadow Creatures         Summ           N/A          100%        6    #####..
 Simulacrum               Ice/Necr       ##........   100%        6    #####..
 Dragon Form              Tmut           ###.......   100%        7    #######
 Ring of Flames           Chrm/Fire      #####.....   100%        7    #######
 Chain Lightning          Conj/Air       ######....   100%        8    #######
 Ignition                 Fire           ######....   100%        8    #######
 Absolute Zero            Ice            ##........   100%        9    #######
 Dragon's Call            Summ           ##........   100%        9    #######
 Fire Storm               Conj/Fire      ######....   100%        9    #######
 Tornado                  Air            ##........   100%        9    #######


Dungeon Overview and Level Annotations

Branches:
Dungeon (15/15)            Temple (1/1) D:4            Lair (6/6) D:10
  Swamp (4/4) Lair:3        Snake (4/4) Lair:2        Slime (0/5) Lair:6
    Orc (2/2) D:11            Elf (1/3) Orc:2        Vaults (5/5) D:14
  Crypt (3/3) Vaults:2       Tomb (0/3) Crypt:3      Depths (5/5) D:15
    Zot (2/5) Depths:5     Bailey (visited)           IceCv (visited)
Gauntlet (visited)

Altars:
Ashenzari
Cheibriados
Dithmenos
Elyvilon
Fedhas
Gozag
Hepliaklqana
Kikubaaqudgha
Makhleb
Nemelex Xobeh
Okawaru
Qazlal
Sif Muna
Trog
Uskayaw
Vehumet
Wu Jian
Xom
Yredelemnul
Zin
The Shining One

Shops:
D:5 }   D:8 %   Orc:1 }   Orc:2 [%=(   Snake:4 !!(   Vaults:2 (   Vaults:3 *
Vaults:4 [:   Depths:1 =}=   Depths:4 [([

Portals:
Hell: Depths:1 Depths:2 Depths:3 Depths:4 Depths:5
Abyss: Depths:4
Pandemonium: Depths:3
Ziggurat: Depths:2

Annotations:
Snake:3 1 transporter
Orc:2 exclusion: downstairs
Vaults:1 Nikola
Crypt:2 1 runed translucent door, Zaowoih's ghost, veteran GrFi
Crypt:3 Frederick; Sojobo
Depths:2 1 exclusion
Depths:3 exclusion: downstairs


Innate Abilities, Weirdness & Mutations

You are resistant to damage.
You can heal yourself by infusing magical energy.
You resist negative energy. (rN+)
You passively map a large area around you.
You do not regenerate.


Message History

You block the quicksilver dragon's attack.
You block the white draconian's attack.
You feel much better.
You block the black draconian shifter's attack.
You block the green draconian shifter's attack.
The green draconian shifter misses you.
The quicksilver dragon breathes dispelling energy at you.
The bolt of dispelling energy hits you!!
Your magical effects are unravelling.
* * * LOW HITPOINT WARNING * * *
The Ice Fiend claws you!
* * * LOW HITPOINT WARNING * * *
The Ice Fiend freezes you!!
* * * LOW HITPOINT WARNING * * *
The Ice Fiend completely misses you.
The white draconian hits you but does no damage.
You partially resist.
You feel drained.
The yellow draconian monk throws acid at you.
The glob of acid hits you!
You die...

*,,,* *,,,* *,,,** ***** *,,,,**
*,,,*** *,,,,,* *,,,,,*** *,,^,,*
*,,,,,,,* *** *,,,,,* ***.....* **,***
*,,,*,* ###.....#### **,,,,* *,,,*,*
#.....##...# **,,,,,* *,,,*,*
#.....#....# **,,,,,,* #...#.##*
#..........# **,,,,,,** #...#...*
#..........# **,,,,,,** ####...#..,*
#......#...# **,,,*,,,*****
##......#..,* ##### #......#q1.#
**,,,**,,,,,,,*
#.......#.#######...###.....#q@d.#
***,,,***,,,,,,,*
*.......#.##...##...........#dqD.#
*,,,,** *,,,,,,,*
**,,,#...#.##.).##................#
*#.,,** *,,,,****
*,,,*#..)[∩...................§§..####
*#..,,* *,,,,*
*,,,*#...†.....................q.§...#
*#.>.*******,,,**
*,,,*#...##########..........##dq....#
*#...#* *,,,,,,* *****#...#
#...##............§## *#...#* *,,,,,,*
#...#### #...##...?d.....###.###...#*
*,,,,,,* #......### ######..........#
##.#...#* ****,,,* #........#
*****#...⌠d##).q#####...###* *,,,*
#........#
*,,.##.....##...##.....#...# *,,,*
#...##...#
*,,........##.d.##....#....# *,,,*
#...#*####
*,,...d...^.#...##...q.#...# *,,,***
#...# **#......>......#?.....#...#
*,,,,,* #...#
##.......§......).y..#*#.# *,,,,,*


You could see a yellow draconian monk, an Ice Fiend (dazed), a black draconian,
2 draconians, a white draconian, 3 draconians, a quicksilver dragon and a black
draconian scorcher.

Vanquished Creatures
  Mara (Swamp:4)
  An ancient lich (Vaults:5)
  2 juggernauts
  Bai Suzhen (Swamp:3)
  5 golden dragons
  An electric golem (Zot:1)
  7 liches
  The ghost of Viusuagh the Fencer, an adept MiSk of Cheibriados (Vaults:2)
  Rupert (D:15)
  7 tentacled monstrosities
  Jorgrun (D:13)
  4 quicksilver dragons
  3 titans (Vaults:5)
  4 sphinxes
  2 death cobs
  4 shadow dragons
  Frances (Swamp:1)
  2 ancient champions
  6 storm dragons
  4 revenants
  Gastronok (Lair:1)
  Roxanne (D:14)
  A draconian monk (Zot:2)
  7 tengu reavers
  Donald (Vaults:2)
  An azure jelly (shapeshifter) (Vaults:4)
  14 nagarajas
  3 deep elf sorcerers
  8 fire giants
  An iron dragon (Vaults:5)
  15 vault wardens
  Aizul (Lair:3)
  A balrug (Depths:3)
  Louise (Depths:4)
  A draconian scorcher (Zot:2)
  10 frost giants
  2 angels (Depths:3)
  A curse skull (Crypt:3)
  A draconian shifter (Zot:2)
  6 ghouls
  A draconian stormcaller (Zot:1)
  A deep elf elementalist (Vaults:5)
  17 stone giants
  4 war gargoyles
  3 draconian annihilators
  25 very ugly things
  14 ironheart preservers
  A green draconian (Zot:2)
  4 entropy weavers
  8 vampire knights
  2 white draconians
  A purple draconian (Zot:1)
  4 yellow draconians (Depths:5)
  3 black draconians
  2 deep elf annihilators (Vaults:5)
  A minotaur (Gauntlet)
  14 ettins
  6 spark wasps
  2 green deaths (Swamp:4)
  6 deep elf death magi
  3 eidola
  A blizzard demon (Gauntlet)
  A merfolk impaler (Depths:1)
  7 jiangshi
  19 yaktaur captains
  10 fire dragons
  2 great orbs of eyes
  Erolcha (D:10)
  A deep elf high priest (Depths:5)
  11 ice dragons
  5 rakshasas
  18 naga warriors
  4 shambling mangroves
  26 hydras
  5 spriggan air magi
  34 vault guards
  3 ghost crabs
  13 centaur warriors
  12 anacondas
  39 two-headed ogres
  2 spectral humans (Vaults:2)
  5 death knights
  A spectral stone giant (Vaults:2)
  16 ogre magi
  9 deep troll shamans
  2 dancing weapons
  A queen ant (Lair:5)
  A spectral frost giant (Vaults:2)
  3 vampire magi
  4 spriggan berserkers
  17 deep troll earth magi
  14 alligators
  3 tengu warriors
  3 orc high priests (Orc:2)
  A titan zombie (Depths:2)
  19 hell knights
  7 shock serpents
  19 naga sharpshooters
  Sonja (D:10)
  5 deep elf knights
  3 soul eaters
  3 thrashing horrors (Swamp:4)
  19 skeletal warriors
  A spark wasp zombie (Depths:2)
  6 shadow wraiths
  A salamander mystic (Snake:4)
  A storm dragon skeleton (Vaults:2)
  A fire crab (shapeshifter) (Depths:5)
  5 iron trolls
  A spriggan druid (Swamp:2)
  3 wizards
  The ghost of skelma the Thaumaturge, a novice DrIE of Kikubaaqudgha (D:7)
  14 naga ritualists
  A sea snake (shapeshifter) (D:14)
  A swamp dragon (shapeshifter) (D:15)
  53 deep trolls
  4 unseen horrors
  23 orc knights
  6 deep elf archers
  9 ironbrand convokers
  8 flayed ghosts
  12 necromancers
  An iron giant skeleton (Crypt:1)
  A sphinx zombie (Depths:1)
  A harpy (Vaults:1)
  5 swamp dragons
  An iron dragon zombie (Depths:2)
  13 phantasmal warriors
  4 large abominations
  A stone giant zombie (Crypt:3)
  A wolf spider zombie (Crypt:2)
  11 mana vipers
  41 ugly things
  4 orc sorcerers
  10 deep elf magi
  2 wolf spiders
  14 salamanders
  6 cyclopes
  2 manticores (D:15)
  A frost giant zombie (Depths:1)
  3 moths of wrath
  An elephant (D:10)
  A moth of wrath (shapeshifter) (Depths:3)
  A fire giant skeleton (Crypt:2)
  A titan simulacrum (Vaults:2)
  35 black mambas
  2 human skeletons (Vaults:1)
  4 ice statues
  16 vault sentinels
  9 guardian serpents
  30 spiny frogs
  A torpor snail (Lair:4)
  2 orange demons (Swamp:4)
  21 naga magi
  5 spectral swamp worms (Depths:4)
  3 rime drakes
  A black draconian zombie (Crypt:3)
  A gargoyle (D:11)
  4 centaur skeletons
  Maggie (D:10)
  57 yaktaurs
  A komodo dragon (shapeshifter) (Vaults:4)
  2 efreet
  9 freezing wraiths
  9 komodo dragons
  9 trolls
  A white draconian skeleton (Crypt:2)
  A red devil (Depths:3)
  A green draconian skeleton (Crypt:1)
  A yellow draconian skeleton (Crypt:2)
  14 tyrant leeches
  A hydra zombie (Crypt:2)
  A wolf spider simulacrum (Vaults:1)
  A meliai (shapeshifter) (Depths:5)
  A pale draconian skeleton (Crypt:1)
  6 tengu conjurers
  15 polar bears
  17 hornets
  A yaktaur skeleton (Vaults:2)
  A hippogriff (shapeshifter) (D:13)
  A jumping spider zombie (Crypt:3)
  43 slime creatures
  26 blink frogs
  12 hippogriffs
  A fire giant simulacrum (Vaults:2)
  An ettin zombie (Vaults:1)
  A slime creature (shapeshifter) (Vaults:5)
  11 bog bodies
  A meliai zombie (Crypt:2)
  A dream sheep (shapeshifter) (Vaults:5)
  A fire dragon zombie (Depths:1)
  A flying skull (Vaults:2)
  A stone giant simulacrum (Vaults:2)
  66 yaks
  10 shadows
  7 spriggans
  A satyr skeleton (Crypt:2)
  A wyvern (Lair:2)
  An ettin skeleton (Vaults:2)
  3 water elementals (Depths:1)
  2 ynoxinuls (Depths:3)
  A spriggan (shapeshifter) (Vaults:4)
  11 wraiths
  A fire elemental (Orc:2)
  Grum (D:10)
  A hog (shapeshifter) (Vaults:5)
  A human (shapeshifter) (Vaults:4)
  3 human simulacra (Vaults:1)
  3 basilisks
  2 hungry ghosts
  2 yaktaur simulacra (Vaults:2)
  27 vampire mosquitoes
  14 swamp worms
  A deep troll zombie (Crypt:3)
  8 wargs
  19 insubstantial wisps
  72 nagas
  2 acid dragons
  6 soldier ants
  A glowing shapeshifter zombie (Crypt:1)
  A floating eye (Depths:5)
  A floating eye (shapeshifter) (Vaults:4)
  6 water moccasins
  An ogre skeleton (Vaults:1)
  9 porcupines
  A monstrous demonspawn zombie (Crypt:2)
  A faun skeleton (Crypt:2)
  A spiny frog zombie (Crypt:1)
  10 swamp drakes
  51 orc warriors
  An ice beast (D:5)
  4 sky beasts
  2 necrophages
  3 black bears
  4 phantoms
  An orc zombie (Vaults:1)
  An elephant zombie (Crypt:1)
  35 ogres
  29 wolves
  7 boggarts
  11 crocodiles
  28 centaurs
  A swamp dragon skeleton (Crypt:2)
  3 human zombies
  26 bullfrogs
  A salamander zombie (Crypt:2)
  A big kobold (D:8)
  6 small abominations (Gauntlet)
  A cyclops zombie (Crypt:3)
  A glowing shapeshifter simulacrum (Vaults:2)
  3 scorpions
  A water moccasin skeleton (D:4)
  A queen bee zombie (Crypt:3)
  8 wights
  An elf simulacrum (Vaults:1)
  A yak skeleton (Crypt:2)
  4 killer bees (D:9)
  7 howler monkeys
  5 electric eels (D:13)
  A centaur zombie (D:11)
  5 crimson imps
  Crazy Yiuf (D:5)
  A quasit (D:5)
  5 hounds
  4 iron imps
  28 orc priests
  36 orc wizards
  7 jellies
  4 bullfrog skeletons
  7 iguanas
  15 worker ants
  9 gnolls
  2 worker ant zombies
  12 adders
  9 oozes
  A lava snake zombie (Crypt:3)
  An adder skeleton (D:6)
  4 worms
  2 dart slugs
  3 leopard geckos
  116 orcs
  3 bats
  A bat zombie (D:4)
  8 giant cockroaches
  5 goblins
  4 hobgoblins
  3 jackals
  9 kobolds
  9 quokkas
  2 ball pythons
  A ball python skeleton (D:4)
  3 ball python zombies
  5 frilled lizards
  A kobold skeleton (Crypt:3)
  A leopard gecko skeleton (D:6)
  2 leopard gecko zombies
  5 rats
  3 rat zombies
  A butterfly (D:7)
  2 fungi (Lair:6)
  2 plants (Lair:6)
2178 creatures vanquished.

Vanquished Creatures (collateral kills)
  A deep troll earth mage (Depths:2)
1 creature vanquished.

Vanquished Creatures (others)
  A stone giant (Vaults:5)
  A yaktaur captain (Vaults:5)
  A two-headed ogre (Vaults:2)
  2 deep elf knights (Vaults:2)
  An ugly thing (Swamp:4)
  A naga mage (Snake:4)
  4 yaktaurs
  A spiny frog (Swamp:3)
  An orc (D:5)
  14 fungi
  59 plants
86 creatures vanquished.

Grand Total: 2265 creatures vanquished

Notes
Turn   | Place    | Note
-------+----------+-------------------------------------------
     0 | D:1      | xgamerde the Deep Dwarf Earth Elementalist began the quest
                  | for the Orb.
     0 | D:1      | Reached XP level 1. HP: 15/15 MP: 3/3
   476 | D:2      | Reached XP level 2. HP: 19/22 MP: 4/4
   485 | D:1      | Learned a level 2 spell: Passwall
   962 | D:2      | Reached skill level 5 in Earth Magic
  1477 | D:2      | Found a shimmering blue altar of Sif Muna.
  1563 | D:2      | Reached XP level 3. HP: 19/28 MP: 5/5
  1620 | D:2      | Reached skill level 1 in Transmutations
  1835 | D:3      | Found a white marble altar of Elyvilon.
  1839 | D:3      | Reached skill level 6 in Earth Magic
  1848 | D:3      | Learned a level 3 spell: Stone Arrow
  1861 | D:3      | Reached skill level 1 in Conjurations
  1861 | D:3      | Reached XP level 4. HP: 28/36 MP: 4/7
  2098 | D:4      | Noticed an ogre
  2120 | D:4      | Found a staircase to the Ecumenical Temple.
  2164 | D:5      | Entered Level 5 of the Dungeon
  2164 | D:5      | Noticed a centaur
  2226 | D:4      | Reached XP level 5. HP: 42/42 MP: 4/8
  2229 | D:4      | Reached skill level 7 in Earth Magic
  2327 | D:4      | Noticed an ogre
  2396 | D:5      | Reached skill level 8 in Earth Magic
  2396 | D:5      | Reached XP level 6. HP: 39/49 MP: 5/9
  2480 | D:5      | Noticed a sky beast
  2519 | D:5      | Found a runed translucent door.
  2520 | D:5      | Noticed Crazy Yiuf
  2525 | D:5      | Killed Crazy Yiuf
  2525 | D:5      | Reached skill level 1 in Fighting
  2577 | D:5      | Reached skill level 9 in Earth Magic
  2669 | D:5      | Reached XP level 7. HP: 35/58 MP: 7/10
  2708 | D:4      | Reached skill level 1 in Shields
  2773 | D:5      | Found Muneri Zocot's Gadget Emporium.
  2948 | Temple   | Entered the Ecumenical Temple
  3157 | D:3      | Reached skill level 10 in Earth Magic
  3178 | D:3      | Became a worshipper of Elyvilon the Healer
  3287 | D:2      | Found a glowing golden altar of the Shining One.
  3535 | D:3      | Found a stormy altar of Qazlal.
  4115 | D:4      | Reached * piety under Elyvilon
  4225 | D:4      | Found an ancient bone altar of Kikubaaqudgha.
  4318 | D:4      | Got a crude dagger
  4319 | D:4      | Identified the +6 dagger of Karma {freeze, *Drain +Fly MR+}
                  | (You found it on level 4 of the Dungeon)
  4753 | D:5      | Reached XP level 8. HP: 34/67 MP: 7/11
  4816 | D:5      | Found an opulent altar of Gozag.
  5043 | D:5      | Reached skill level 1 in Invocations
  5269 | D:5      | Learned a level 5 spell: Lee's Rapid Deconstruction
  5558 | D:6      | Reached ** piety under Elyvilon
  6466 | D:6      | Reached skill level 11 in Earth Magic
  6536 | D:6      | Reached skill level 5 in Invocations
  6575 | D:7      | Gained mutation: You passively map the area around you.
                  | [Deep Dwarf growth]
  6575 | D:7      | Reached XP level 9. HP: 55/73 MP: 4/13
  6672 | D:7      | Found a runed translucent gate.
  6672 | D:7      | Found a runed translucent gate.
  6672 | D:7      | Found a runed translucent gate.
  6674 | D:7      | Noticed skelma's ghost (novice DrIE)
  6686 | D:7      | Reached *** piety under Elyvilon
  7242 | D:7      | Reached **** piety under Elyvilon
  7718 | D:8      | Found a flagged portal.
  7726 | Bailey   | Entered a bailey
  8564 | Bailey   | Identified the Almanac of Dusty Enchantment
  8579 | Bailey   | Noticed an orc knight
  8610 | Bailey   | Killed an orc knight
  8610 | Bailey   | Reached skill level 12 in Earth Magic
  8964 | D:8      | Reached skill level 1 in Evocations
  8981 | D:8      | Reached XP level 10. HP: 55/85 MP: 5/15
  9024 | D:8      | Found a shadowy altar of Dithmenos.
  9640 | D:8      | Found Nafiureceo's Food Boutique.
  9772 | D:8      | Found a sparkling altar of Nemelex Xobeh.
  9780 | D:8      | Found a bloodstained altar of Trog.
  9783 | D:8      | Found a snail-covered altar of Cheibriados.
  9896 | D:9      | Reached ***** piety under Elyvilon
  9988 | D:9      | Found a burning altar of Makhleb.
 10090 | D:10     | Entered Level 10 of the Dungeon
 10090 | D:10     | Found a staircase to the Lair.
 10091 | D:10     | Noticed an elephant
 10131 | D:10     | Noticed Sonja
 10131 | D:10     | Noticed Erolcha
 10203 | D:9      | Reached skill level 5 in Dodging
 10762 | D:10     | Noticed Maggie
 10773 | D:10     | Killed Maggie
 11090 | D:10     | Reached skill level 1 in Armour
 11138 | D:10     | Killed an elephant
 11266 | Lair:1   | Entered Level 1 of the Lair of Beasts
 11318 | Lair:1   | Found a gate leading to a gauntlet.
 11327 | Gauntlet | Entered a Gauntlet
 11327 | Gauntlet | Found a transporter.
 11327 | Gauntlet | Found a transporter.
 11327 | Gauntlet | Noticed an ice statue
 11329 | Gauntlet | Noticed a soul eater
 11332 | Gauntlet | Noticed a salamander
 11334 | Gauntlet | Found a transporter.
 11346 | Gauntlet | Found a transporter.
 11363 | Gauntlet | Found a transporter.
 11363 | Gauntlet | Found a transporter.
 11363 | Gauntlet | Found a transporter.
 11365 | Gauntlet | Found a transporter.
 11365 | Gauntlet | Found a transporter.
 11376 | Gauntlet | Found a transporter.
 11393 | Gauntlet | Found a transporter.
 11396 | Gauntlet | Noticed a blizzard demon
 11403 | Gauntlet | Found a transporter.
 11418 | Gauntlet | Found a transporter.
 11430 | Gauntlet | Noticed a large abomination
 11436 | Gauntlet | Found a transporter.
 11469 | Gauntlet | Reached XP level 11. HP: 67/92 MP: 9/17
 11771 | Gauntlet | Noticed a deep troll
 11803 | Gauntlet | HP: 1/92 [large abomination (30)]
 11829 | Gauntlet | Killed a large abomination
 11829 | Gauntlet | Reached skill level 13 in Earth Magic
 11850 | Gauntlet | Reached skill level 5 in Conjurations
 11854 | Gauntlet | HP: 3/92 [small abomination (13)]
 12120 | Gauntlet | Killed a blizzard demon
 12206 | Gauntlet | Got an ichor-stained flail
 12252 | Gauntlet | Noticed a minotaur
 12336 | Gauntlet | Killed a minotaur
 12336 | Gauntlet | Reached skill level 5 in Spellcasting
 12610 | Lair:1   | Identified the +4 flail "Trog's Anger" {pain, +Rage Str+2
                  | Int-4 Stlth+} (You found it in a Gauntlet)
 13995 | Lair:1   | Noticed a five-headed hydra
 14147 | Lair:2   | Learned a level 5 spell: Bolt of Magma
 14251 | Lair:2   | Found a staircase to the Snake Pit.
 14265 | Lair:2   | Reached skill level 14 in Earth Magic
 14277 | Lair:2   | Reached skill level 1 in Axes
 14667 | Lair:2   | Noticed a six-headed hydra
 14923 | Lair:2   | Reached skill level 1 in Fire Magic
 14929 | Lair:3   | Noticed a six-headed hydra
 14957 | Lair:3   | Reached ****** piety under Elyvilon
 14995 | Lair:3   | Noticed a four-headed hydra
 15511 | Lair:3   | Reached XP level 12. HP: 88/99 MP: 17/17
 15861 | Lair:5   | Reached skill level 5 in Axes
 15866 | Lair:6   | Entered Level 6 of the Lair of Beasts
 15887 | Lair:6   | Noticed a four-headed hydra
 16100 | Lair:5   | Noticed a four-headed hydra
 16120 | Lair:5   | Killed a four-headed hydra
 16722 | Lair:5   | Noticed an entropy weaver
 16722 | Lair:5   | Noticed an entropy weaver
 16893 | Lair:6   | Killed a four-headed hydra
 17328 | Lair:6   | Reached skill level 10 in Invocations
 18080 | Lair:6   | Reached XP level 13. HP: 98/105 MP: 16/18
 18521 | Lair:6   | Got a crude troll leather armour
 19111 | Lair:6   | Found a staircase to the Slime Pits.
 19203 | Lair:6   | Identified the +4 troll leather armour of Card Tricks
                  | {-Cast rN++ Regen+} (You found it on level 6 of the Lair of
                  | Beasts)
 19455 | Lair:4   | Got a shimmering golden amulet
 19480 | Lair:4   | Identified the amulet "Cook Mit" {Spirit Stlth+} (You found
                  | it on level 4 of the Lair of Beasts)
 19792 | Lair:4   | Reached skill level 5 in Armour
 20231 | Lair:4   | Reached skill level 10 in Axes
 20594 | Lair:3   | Learned a level 3 spell: Conjure Flame
 21186 | Lair:1   | Noticed Gastronok
 21377 | D:10     | Killed Sonja
 21400 | D:10     | Killed Erolcha
 21814 | D:10     | Noticed Grum
 21823 | D:10     | Killed Grum
 22067 | D:7      | Found a shimmering altar of Xom.
 22167 | D:7      | Killed skelma's ghost
 22645 | D:11     | Gained mutation: You resist negative energy. (rN+) [Deep
                  | Dwarf growth]
 22645 | D:11     | Reached XP level 14. HP: 111/114 MP: 19/19
 23752 | D:11     | Found a staircase to the Orcish Mines.
 24054 | D:12     | Found a flickering gateway to a bazaar.
 24060 | Bazaar   | Entered a bazaar
 24079 | Bazaar   | Found Akliniush's Gadget Emporium.
 24094 | Bazaar   | Found Xasax's Jewellery Emporium.
 24109 | Bazaar   | Found Tyisah's Magic Scroll Shoppe.
 24109 | Bazaar   | Found Neolan's Weapon Emporium.
 24119 | Bazaar   | Bought a scroll of enchant armour for 52 gold pieces
 24119 | Bazaar   | Bought a scroll of identify for 14 gold pieces
 24152 | Bazaar   | Bought a scroll of blinking for 52 gold pieces
 24152 | Bazaar   | Bought a scroll of identify for 14 gold pieces
 24152 | Bazaar   | Bought a scroll of fear for 24 gold pieces
 24152 | Bazaar   | Bought a scroll of silence for 52 gold pieces
 24213 | Bazaar   | Bought a phantom mirror for 360 gold pieces
 24227 | Bazaar   | Bought an uncursed ring of protection from fire for 300
                  | gold pieces
 24230 | Bazaar   | Bought an uncursed ring of wizardry for 360 gold pieces
 25490 | Lair:3   | Reached skill level 5 in Fire Magic
 25575 | Lair:3   | Found a staircase to the Swamp.
 25848 | Lair:5   | Killed an entropy weaver
 26066 | Lair:5   | Killed an entropy weaver
 26599 | Lair:1   | Killed Gastronok
 26599 | Lair:1   | Reached skill level 15 in Earth Magic
 27154 | Orc:1    | Entered Level 1 of the Orcish Mines
 27250 | Orc:1    | Found a burning altar of Makhleb.
 27356 | Orc:2    | Entered Level 2 of the Orcish Mines
 27403 | Orc:2    | Found a frozen archway.
 27475 | IceCv    | Entered an ice cave
 28369 | IceCv    | Noticed a frost giant
 28376 | IceCv    | Killed a frost giant
 28421 | IceCv    | Found the +7 great mace "Undeadhunter" {disrupt, rN+}
 29200 | Orc:1    | Found Ewyfihuk's Gadget Shoppe.
 29490 | Orc:2    | Reached XP level 15. HP: 62/120 MP: 9/20
 29673 | Orc:2    | Reached skill level 10 in Conjurations
 30018 | Orc:2    | Found a staircase to the Elven Halls.
 30823 | Orc:2    | Found Liloull's Jewellery Boutique.
 30823 | Orc:2    | Found Doruvoikk's Antique Weapon Emporium.
 30825 | Orc:2    | Found Oson's Armour Boutique.
 30825 | Orc:2    | Found Synok's Food Emporium.
 31056 | Snake:1  | Entered Level 1 of the Snake Pit
 31069 | Lair:2   | Reached skill level 10 in Armour
 31194 | Lair:2   | Reached skill level 10 in Dodging
 32261 | Snake:1  | Reached skill level 5 in Fighting
 33502 | Snake:2  | Learned a level 2 spell: Searing Ray
 33596 | Snake:2  | Reached skill level 16 in Earth Magic
 34002 | Snake:2  | Noticed a nagaraja
 34029 | Snake:2  | Killed a nagaraja
 34705 | Snake:2  | Noticed a nagaraja
 34727 | Snake:2  | Killed a nagaraja
 35429 | Snake:3  | Noticed a nagaraja
 35507 | Snake:3  | Reached XP level 16. HP: 111/138 MP: 17/22
 35874 | Snake:3  | Found a transporter.
 36169 | Snake:3  | Found a radiant altar of Vehumet.
 37469 | Swamp:1  | Entered Level 1 of the Swamp
 37472 | Swamp:1  | Noticed Aizul
 37914 | Lair:3   | Killed Aizul
 39069 | D:13     | Noticed Jorgrun
 39298 | Elf:1    | Entered Level 1 of the Elven Halls
 39994 | Swamp:1  | Reached skill level 15 in Axes
 40849 | D:14     | Found a shattered altar of Ashenzari.
 41329 | D:14     | Identified Roxanne's Reference Book on Transmigration
 41329 | D:14     | Noticed Roxanne
 41337 | D:14     | Killed Roxanne
 41501 | D:14     | Found a gate to the Vaults.
 41997 | Snake:4  | Entered Level 4 of the Snake Pit
 42576 | Snake:4  | Found Roaphoh's Weapon Emporium.
 42580 | Snake:4  | Found Gotsa's Distillery.
 42581 | Snake:4  | Found Qemucaha's Distillery.
 42601 | Snake:4  | Reached XP level 17. HP: 103/152 MP: 12/22
 42604 | Snake:4  | Reached skill level 10 in Fighting
 43767 | Snake:4  | Reached skill level 15 in Invocations
 43785 | Snake:4  | Bought a potion of haste for 110 gold pieces
 43785 | Snake:4  | Bought a potion of haste for 110 gold pieces
 43785 | Snake:4  | Bought a potion of curing for 33 gold pieces
 43785 | Snake:4  | Bought a potion of curing for 33 gold pieces
 43785 | Snake:4  | Bought 2 potions of curing for 66 gold pieces
 43785 | Snake:4  | Bought 2 potions of curing for 66 gold pieces
 45787 | Swamp:1  | Noticed Frances
 45823 | Swamp:1  | Killed Frances
 48289 | Swamp:3  | Gained mutation: You passively map a large area around you.
                  | [Deep Dwarf growth]
 48289 | Swamp:3  | Reached XP level 18. HP: 153/160 MP: 24/24
 48428 | Swamp:3  | Noticed Bai Suzhen
 48927 | Snake:4  | Identified the cursed +1 quarterstaff of Exquisite Torment
                  | {elec, rPois rN+ Str+3 Int+3}
 50236 | Snake:4  | Identified a +2 pair of boots of running (You found it on
                  | level 4 of the Snake Pit)
 50331 | Snake:4  | Got a serpentine rune of Zot
 50727 | Vaults:1 | Entered Level 1 of the Vaults
 51464 | Vaults:1 | Paralysed by a sphinx for 5 turns
 51956 | Vaults:1 | Noticed Nikola
 51966 | Vaults:1 | Found an ornate altar of the Wu Jian Council.
 52045 | Vaults:1 | Reached XP level 19. HP: 162/170 MP: 25/25
 52046 | Vaults:1 | Reached XP level 20. HP: 169/178 MP: 25/26
 53120 | Vaults:1 | Reached XP level 21. HP: 184/189 MP: 22/27
 53660 | Vaults:2 | Reached skill level 5 in Evocations
 54093 | Vaults:2 | Found a runed translucent gate.
 54093 | Vaults:2 | Found a runed translucent gate.
 54093 | Vaults:2 | Found a runed translucent gate.
 54139 | Vaults:2 | Found a staircase to the Crypt.
 54182 | Vaults:2 | Found Josifor's Weapon Boutique.
 54199 | Vaults:2 | Noticed Donald
 54217 | Vaults:2 | Killed Donald
 55062 | Vaults:2 | Noticed Viusuagh's ghost (adept MiSk)
 55199 | Vaults:2 | Killed Viusuagh's ghost
 55840 | Swamp:3  | Killed Bai Suzhen
 56283 | Swamp:4  | Entered Level 4 of the Swamp
 57339 | Swamp:4  | Noticed Mara
 57344 | Swamp:4  | Noticed xgamerde's illusion
 57946 | Vaults:3 | Learned a level 6 spell: Iron Shot
 58498 | Vaults:3 | Upgraded the game from 0.25-a0-737-g26c3a87c45 to
                  | 0.25-a0-743-g84dc20635f
 58801 | Vaults:3 | Found Zolurphu's General Store.
 59005 | Vaults:3 | Bought a scroll of enchant weapon for 142 gold pieces
 59005 | Vaults:3 | Bought a scroll of magic mapping for 66 gold pieces
 59309 | Vaults:3 | Reached XP level 22. HP: 61/200 MP: 23/27
 59427 | Vaults:3 | Reached skill level 17 in Earth Magic
 59751 | Vaults:3 | Found a portal to a secret trove of treasure.
 59811 | Vaults:3 | You paid a toll of 3 potions of resistance to enter a
                  | treasure trove
 59812 | Trove    | Entered a treasure trove
 59818 | Trove    | Found the +8 mithril axe "Arga" {speed, MR+}
 59830 | Trove    | Got a twitching iron ring
 59863 | Vaults:3 | Identified the ring "Oroagie" {rElec MR+++ Str-4 Int+3
                  | SInv} (You found it in a treasure trove)
 60437 | Vaults:4 | Reached skill level 5 in Shields
 60828 | Swamp:4  | Killed Mara
 61218 | Swamp:4  | Got a decaying rune of Zot
 61663 | D:13     | Killed Jorgrun
 61850 | D:15     | Entered Level 15 of the Dungeon
 61868 | D:15     | Noticed Rupert
 61891 | D:15     | Killed Rupert
 61928 | D:15     | Found a staircase to the Depths.
 63005 | Depths:1 | Entered Level 1 of the Depths
 63039 | Depths:1 | Reached skill level 10 in Shields
 63875 | Depths:1 | Found Pilaycim's Jewellery Shop.
 63876 | Depths:1 | Found Bauhoudax's Gadget Emporium.
 63877 | Depths:1 | Found Giuci's Jewellery Shop.
 63891 | Depths:1 | Bought an uncursed ring of protection from cold for 500
                  | gold pieces
 64308 | Depths:1 | Got a black opal-encrusted ring mail
 64360 | Depths:1 | Identified the +1 ring mail of the Beekeeper {*Corrode rN+
                  | Dex+2} (You found it on level 1 of the Depths)
 64408 | Depths:1 | Found a gateway to Hell.
 64813 | Depths:2 | Found a gateway to a ziggurat.
 65195 | Depths:2 | Noticed a juggernaut
 66151 | Depths:3 | Reached XP level 23. HP: 197/207 MP: 28/28
 67292 | Depths:3 | Found a one-way gate leading to the halls of Pandemonium.
 68103 | Depths:4 | Reached skill level 15 in Shields
 68243 | Depths:4 | Noticed Louise
 68249 | Depths:4 | Killed Louise
 68299 | Depths:4 | Found a one-way gate to the infinite horrors of the Abyss.
 68359 | Depths:4 | Found Gozag's Antique Armour Shop.
 68536 | Depths:4 | Found an opulent altar of Gozag.
 68539 | Depths:4 | Bought a glowing helmet for 750 gold pieces
 68563 | Depths:4 | Found Gozag's Antique Weapon Shop.
 68565 | Depths:4 | Found Gozag's Antique Armour Boutique.
 68736 | Depths:4 | Reached skill level 18 in Earth Magic
 69263 | Depths:5 | Entered Level 5 of the Depths
 69501 | Depths:5 | Learned a level 5 spell: Fireball
 69592 | Depths:5 | Noticed a juggernaut
 69621 | Depths:5 | Killed a juggernaut
 69740 | Depths:5 | Reached skill level 19 in Earth Magic
 70237 | Depths:5 | Reached XP level 24. HP: 216/216 MP: 21/29
 70877 | Depths:5 | Reached skill level 20 in Earth Magic
 70920 | Depths:5 | Found a gate to the Realm of Zot.
 71546 | Depths:2 | Killed a juggernaut
 71753 | Crypt:1  | Entered Level 1 of the Crypt
 72877 | Crypt:2  | Reached skill level 21 in Earth Magic
 73647 | Crypt:2  | Found a runed translucent door.
 73648 | Crypt:2  | Noticed Zaowoih's ghost (veteran GrFi)
 73662 | Crypt:3  | Entered Level 3 of the Crypt
 73684 | Crypt:3  | Reached skill level 22 in Earth Magic
 73728 | Crypt:3  | Found a staircase to the Tomb.
 74254 | Crypt:3  | Reached XP level 25. HP: 197/225 MP: 17/27
 74511 | Crypt:3  | Noticed Frederick
 74701 | Crypt:3  | Noticed Sojobo
 75174 | Vaults:4 | Found Hessu's Armour Shop.
 75801 | Vaults:4 | Found Peifrot's Book Shoppe.
 75824 | Vaults:4 | Bought a book of Spatial Translocations for 910 gold pieces
 75824 | Vaults:4 | Bought a book of Annihilations for 1545 gold pieces
 75827 | Vaults:4 | Learned a level 2 spell: Blink
 75836 | Vaults:4 | Learned a level 8 spell: Lehudib's Crystal Spear
 75934 | Vaults:4 | Reached skill level 15 in Armour
 75943 | Vaults:4 | Reached skill level 15 in Dodging
 75974 | Vaults:5 | Entered Level 5 of the Vaults
 76652 | Vaults:5 | Reached skill level 15 in Conjurations
 76652 | Vaults:5 | Reached skill level 23 in Earth Magic
 76947 | Vaults:5 | Reached XP level 26. HP: 211/234 MP: 19/27
 77487 | Vaults:5 | Identified the ring "Mesk" {rPois Stlth-}
 77540 | Vaults:5 | Reached skill level 1 in Translocations
 77593 | Vaults:5 | Noticed an ancient lich
 77630 | Vaults:5 | Killed an ancient lich
 77668 | Vaults:5 | Got a silver rune of Zot
 77757 | Vaults:5 | Identified the +4 hand axe "Mick" {elec, +Rage rElec Int+2}
 77757 | Vaults:5 | Identified the amulet of Zaocat {Faith Dex+2}
 78015 | Vaults:5 | Reached skill level 24 in Earth Magic
 78045 | Vaults:5 | Identified the ring of Elitism {*Tele rElec MR++ Slay+3}
                  | (You found it on level 5 of the Vaults)
 78311 | Vaults:5 | Identified the +2 cloak of the Republic {MR++ Regen+ Dex-4
                  | SInv} (You found it on level 5 of the Vaults)
 78507 | Vaults:5 | Got a transparent silver ring
 78508 | Vaults:5 | Identified the ring "Leonoo" {rF+ MP+9 Slay+3} (You found
                  | it on level 5 of the Vaults)
 79380 | Zot:1    | Entered Level 1 of the Realm of Zot
 79683 | Zot:2    | Reached skill level 25 in Earth Magic
 79933 | Zot:1    | Identified the cursed +2 quick blade of Nuxkurac {drain,
                  | rPois rC+}
 79939 | Zot:1    | Elyvilon protects you from harm!
 79944 | Zot:1    | HP: 2/234 [Ice Fiend[the power of Zot] (26)]
 79944 | Zot:1    | Killed from afar by a yellow draconian monk

Levels and vault maps discovered:
D:1:      lemuel_arrival_broad_hall, layout_basic, serial_bayou_lagoon_a
D:2:      layout_loops_ring, marbit_many_paths, nicolae_overflow_hidden_temple
D:3:      layout_basic, lemuel_crystal_altar, lemuel_round_altar, first_ration
D:4:      minmay_opposing_rooms, layout_loops_ring,
          lemuel_zombie_altar_kikubaaqudgha, minmay_temple_entry_waves,
          gup_sewer_entry_glass, minmay_three_crescents
D:5:      layout_cave_pods, nicolae_gozag_cash_rules_everything_around_me,
          serial_shops, nicolae_shop_trees, uniq_crazy_yiuf_cottage
D:6:      layout_gridville
D:7:      layout_gridville, xom_butterflies, ebering_ghost_rock_garden
D:8:      layout_basic, minmay_overflow_temple_star_quad,
          nicolae_dithmenos_the_darkroom, serial_shops, shop, enter_bailey_2
D:9:      layout_roguey, demons_altar
D:10:     layout_basic, david_lair_generic, uniq_sonja, uniq_erolcha, uniq_grum,
          uniq_maggie
D:11:     layout_basic, david_orc_4, hangedman_little_slice_of_home
D:12:     layout_roguey, serial_shops, bzr_entry_safe
D:13:     layout_basic, minivault_16, uniq_jorgrun
D:14:     layout_irregular_city, erik_vaults_2, grunt_decor_one_mirror,
          evilmike_ruin_ashenzari, uniq_roxanne
D:15:     grunt_enter_depths_snipers, layout_cave_pods,
          hangedman_abyss_or_decor_stagger, minmay_misc_feat_secret_circle,
          uniq_rupert
Temple:   nicolae_temple_figure_zero
Lair:1:   layout_hall_layers, gauntlet_entry_generic, uniq_gastronok
Lair:2:   layout_loops_ring, guppyfry_snake_entry_island,
          nicolae_quartered_pool_medium
Lair:3:   layout_hall_layers, palyth_hydra_swamp_entry, grunt_megastairs_5
Lair:4:   layout_regular_city, beast_lair_carwin_11, grunt_megastairs_1,
          infiniplex_staircase_pool
Lair:5:   layout_cave_pods, wad_woods_antlair, lemuel_fruit_tree
Lair:6:   minmay_lair_end_frog_pond, layout_cave_pods,
          nicolae_slime_entry_slimehenge
Swamp:1:  layout_falls_marsh, nicolae_swamp_dense_foliage, uniq_frances,
          uniq_aizul
Swamp:2:  layout_basic_swamp, hangedman_swamp_pad
Swamp:3:  layout_basic_swamp, evilmike_swamp_ruin_rubble_2, uniq_bai_suzhen
Swamp:4:  swamp_vile, layout_basic_swamp, uniq_mara
Snake:1:  layout_onion, grunt_ministairs_7
Snake:2:  layout_layer_cave
Snake:3:  gammafunk_sealed_library, layout_onion, grunt_megastairs_3
Snake:4:  johnstein_snake_rune_scales, layout_cave_shapes, grunt_megastairs_4,
          minmay_shop_star
Orc:1:    layout_caves, serial_shops, nicolae_shop_crystal, bloody_makhleb
Orc:2:    grunt_orc_tribal_feast, layout_diamond_mine,
          portal_ice_cave_entry_animals_and_master, nicolae_orc_lava_tube
Elf:1:    minmay_elf_arrival_summoners, layout_loops_ring, serial_shops,
          shop_coins, kennysheep_underground_church,
          serial_sigils_hangedman_clutch, minivault_25_ag
Vaults:1: v_rooms_3, hangedman_vaults_trim, dpeg_vaults_monster_box,
          v_alt_pattern_4, st_octagons_2, v_misc_30, ontoclasm_vaults_hangar,
          nicolae_vaults_border_crossing, nicolae_vaults_three_branches,
          vaults_dpeg_hooks, nicolae_vaults_little_ls, ontoclasm_vaults_gateway,
          nicolae_vaults_little_squares_6, layout_vaults_chaotic_city,
          basic_altar, uniq_nikola
Vaults:2: gammafunk_vaults_ghost_necromancy, nicolae_vaults_stairing_the_circle,
          v_rooms_4, minmay_crypt_entry_simple_plaza,
          ontoclasm_vaults_claustrophobia, ontoclasm_vaults_eye,
          nicolae_vaults_shelves_hall, layout_vaults_omnicross, serial_shops,
          nicolae_shop_trees, uniq_donald
Vaults:3: v_pattern_4, vaults_mumra_hexcomb, v_alt_pattern_5, v_misc_23,
          vaults_room_pool, vaults_room_door_ring,
          nicolae_vaults_mini_display_case, vaults_room_hangedman_quadrants,
          ontoclasm_vaults_chip, vaults_dpeg_diagonal, layout_vaults_quadrants,
          serial_shops, nicolae_shop_crystal, nicolae_trove_entry_crossroad
Vaults:4: vaults_room_mumra_shop_pool, ontoclasm_vaults_ligature,
          ontoclasm_vaults_shuriken, vaults_room_stairs_pillars,
          nicolae_vaults_what_the_h, hangedman_vaults_locks,
          nicolae_vaults_little_squares_5, hangedman_vaults_slice,
          layout_vaults_maze_bifur, serial_shops, nicolae_shop_trees
Vaults:5
Crypt:1:  layout_basic, grunt_crypt_arrival_webbed
Crypt:2:  layout_rooms, ebering_ghost_reflecting_pool, grunt_megastairs_2
Crypt:3:  church_of_pain_bobbens, layout_chaotic_city,
          nicolae_crypt_cryptocurrency, uniq_frederick, uniq_sojobo
Depths:1: layout_gridlike, pf_coc_iceberg, kennysheep_generic_room_3,
          minmay_shop_grove, infiniplex_staircase_pool_lava,
          serial_bayou_shore_b
Depths:2: minmay_the_grid_square_5x5_5x5
          [minmay_the_grid_square_5x5_inverted_slash,
          minmay_the_grid_square_5x5_empty,
          minmay_the_grid_square_5x5_fancy_junction,
          minmay_the_grid_square_5x5_pentomino_r,
          minmay_the_grid_square_5x5_two, minmay_the_grid_square_5x5_tri_point,
          minmay_the_grid_square_5x5_prize_itemx,
          minmay_the_grid_square_5x5_n_small,
          minmay_the_grid_square_5x5_prize_pseudospiral,
          minmay_the_grid_square_5x5_bridge,
          minmay_the_grid_square_5x5_doubleslash,
          minmay_the_grid_square_5x5_spiral_small,
          minmay_the_grid_square_5x5_prize_monsterx,
          minmay_the_grid_square_5x5_three,
          minmay_the_grid_square_5x5_checkered, minmay_the_grid_square_5x5_plus,
          minmay_the_grid_square_5x5_prize_rear_guard,
          minmay_the_grid_square_5x5_inner_v,
          minmay_the_grid_square_5x5_prize_deathbox,
          minmay_the_grid_square_5x5_shuriken,
          minmay_the_grid_square_5x5_shrine2,
          minmay_the_grid_square_5x5_tetrominoes, minmay_the_grid_square_5x5_z,
          minmay_the_grid_square_5x5_meh, minmay_the_grid_square_5x5_two_small],
          layout_honeycomb, enter_ziggurat_a, hell_entry
Depths:3: abrahamwl_protected_by_tso_1, layout_cave_shapes,
          hangedman_decor_clover_reticule, grunt_hell_entry_dis_grunt,
          rand_demon_pan_entry_9
Depths:4: kennysheep_gozag_temple, layout_basic, pf_hell_entry_tar_river,
          nicolae_abyss_entry_one_way_or_another, serial_bayou_pond_e
Depths:5: grunt_runaround [grunt_runaround_doors_1, grunt_runaround_doors_2,
          grunt_runaround_doors_3, grunt_runaround_doors_4,
          grunt_runaround_zot], hell_entry
Zot:1:    layout_misc_corridors
Zot:2:    layout_gridlike, zot_minivault_4

Skill      XL: |  1  2  3  4  5  6  7  8  9 10 11 12 13 14 15 16 17 18 19 20 21 22 23 24 25 26 |
---------------+-------------------------------------------------------------------------------+-----
Earth Magic    | 5 6 8 9 10 11 12 14 15 16 17 19 22 23 25 | 25.0
Transmutations | 1 |  1.0
Spellcasting   | 2 3 4 6 7 9 |  9.4
Conjurations   | 1 2 3 4 6 8 9 10 11 12 13 14 15 16 | 16.0
Fighting       | 1 2 4 7 9 10 11 12 13 | 13.0
Shields        | 3 4 13 15 | 15.0
Dodging        | 3 4 8 9 10 12 13 15 | 15.0
Invocations    | 5 7 8 11 12 14 16 17 18 | 18.0
Stealth        | 3 4 |  4.0
Evocations     | 1 4 6 |  6.0
Armour         | 3 4 8 9 10 12 13 15 | 15.0
Axes           | 4 8 11 12 15 17 19 20 | 20.0
Fire Magic     | 2 4 6 7 8 |  8.0
Translocations | 4 |  4.0

Action                   |  1- 3 |  4- 6 |  7- 9 | 10-12 | 13-15 | 16-18 | 19-21 | 22-24 | 25-27 || total
-------------------------+-------+-------+-------+-------+-------+-------+-------+-------+-------++-------
Melee: Club              |    38 |       |       |       |       |       |       |       |       ||    38
       Dagger            |    64 |    46 |   151 |   199 |       |       |       |       |       ||   460
       Quarterstaff      |       |       |       |    36 |       |       |       |       |       ||    36
       War axe           |       |       |       |   179 |  1166 |   113 |       |       |       ||  1458
       Battleaxe         |       |       |       |       |       |  1527 |   946 |    21 |       ||  2494
       Broad axe         |       |       |       |       |       |       |       |  2788 |  1156 ||  3944
Throw: Dart              |       |       |       |    10 |       |       |       |       |       ||    10
       Stone             |       |       |       |     1 |     1 |     1 |       |     1 |       ||     4
 Cast: Sandblast         |    17 |    37 |    99 |   151 |   197 |   273 |    56 |    30 |     1 ||   861
       Stone Arrow       |       |       |    45 |   140 |   368 |   341 |   162 |    55 |     4 ||  1115
       Lee's Rapid Decon |       |       |       |    27 |    73 |    28 |    26 |    68 |     9 ||   231
       Passwall          |       |       |       |     1 |       |       |       |     4 |     1 ||     6
       Bolt of Magma     |       |       |       |       |    13 |    58 |    22 |    33 |     6 ||   132
       Searing Ray       |       |       |       |       |       |     1 |       |       |       ||     1
       Iron Shot         |       |       |       |       |       |       |     4 |   134 |   108 ||   246
Invok: Lesser Healing    |       |       |     8 |    74 |   192 |   407 |   141 |   299 |   172 ||  1293
       Purification      |       |       |     1 |       |       |       |       |       |       ||     1
       Greater Healing   |       |       |       |     1 |       |     6 |       |       |       ||     7
 Abil: Heal Wounds       |     1 |     2 |     3 |    10 |       |     3 |     9 |     4 |    11 ||    43
Evoke: Wand              |       |       |       |     2 |     7 |     9 |     6 |       |       ||    24
  Use: Scroll            |       |     5 |     6 |    12 |    22 |    21 |     5 |    15 |    10 ||    96
       Potion            |       |     2 |     2 |     2 |     1 |    10 |     4 |     2 |     5 ||    28
 Stab: Sleeping          |     1 |     2 |     6 |     3 |     1 |     2 |       |     3 |       ||    18
       Distracted        |       |       |     1 |     2 |       |     1 |       |     1 |     1 ||     6
       Paralysed         |       |       |       |       |     4 |     2 |       |       |       ||     6
       Confused          |       |       |       |       |       |     1 |       |       |       ||     1
  Eat: Chunk             |     3 |     4 |    35 |    47 |   100 |   102 |    57 |    92 |    69 ||   509
       Ration            |       |       |       |     2 |     5 |    16 |       |    15 |     2 ||    40
Armor: Robe              |     6 |    21 |    26 |    18 |       |       |       |       |       ||    71
       Swamp dragon scal |       |       |       |   112 |   615 |   930 |   430 |   586 |   307 ||  2980
Dodge: Dodged            |    65 |    92 |   116 |   415 |  1339 |  1955 |   790 |   832 |   507 ||  6111
Block: Buckler           |       |       |    21 |    50 |   125 |    28 |       |       |       ||   224
       Kite shield       |       |       |       |       |       |       |       |  1192 |   780 ||  1972
       Reflection        |       |       |       |       |       |       |       |    33 |    45 ||    78

Table legend:
 A = Non-vault XP
 B = Vault XP
 C = Vault XP percentage of total XP
 D = Non-vault monster count
 E = Vault monster count
 F = Vault count percentage of total count
                 A         B        C        D         E       F
            +---------+---------+-------+---------+---------+-------
      Total |  644263 |  574443 |  47.1 |    1416 |     770 |  35.2
            +---------+---------+-------+---------+---------+-------
        D:1 |      15 |       0 |   0.0 |       8 |       0 |   0.0
        D:2 |      54 |       2 |   3.6 |      19 |       1 |   5.0
        D:3 |     217 |       0 |   0.0 |      21 |       0 |   0.0
        D:4 |     381 |     238 |  38.4 |      14 |      12 |  46.2
        D:5 |    1139 |      90 |   7.3 |      25 |       2 |   7.4
        D:6 |     585 |       0 |   0.0 |      18 |       0 |   0.0
        D:7 |     453 |     734 |  61.8 |      10 |       1 |   9.1
        D:8 |    1833 |       0 |   0.0 |      40 |       0 |   0.0
        D:9 |    1659 |     126 |   7.1 |      26 |       3 |  10.3
       D:10 |    3103 |    3737 |  54.6 |      20 |      10 |  33.3
       D:11 |    2624 |    1279 |  32.8 |      25 |      26 |  51.0
       D:12 |    6739 |       0 |   0.0 |      38 |       0 |   0.0
       D:13 |    8002 |    3346 |  29.5 |      39 |       2 |   4.9
       D:14 |    4138 |    9876 |  70.5 |      15 |       9 |  37.5
       D:15 |    9532 |    6000 |  38.6 |      34 |       4 |  10.5
     Lair:1 |    7130 |    2037 |  22.2 |      35 |       1 |   2.8
     Lair:2 |    2713 |    2119 |  43.9 |       6 |       7 |  53.8
     Lair:3 |    6274 |    6384 |  50.4 |      24 |      13 |  35.1
     Lair:4 |    6394 |    1718 |  21.2 |      20 |       8 |  28.6
     Lair:5 |    5368 |    4600 |  46.1 |      19 |      14 |  42.4
     Lair:6 |    5985 |   11651 |  66.1 |      22 |      50 |  69.4
    Swamp:1 |   18154 |    2201 |  10.8 |      52 |       1 |   1.9
    Swamp:2 |    5981 |       0 |   0.0 |      19 |       0 |   0.0
    Swamp:3 |   19208 |    5247 |  21.5 |      51 |       1 |   1.9
    Swamp:4 |   15095 |   27792 |  64.8 |      36 |      30 |  45.5
    Snake:1 |   20944 |     403 |   1.9 |      35 |       1 |   2.8
    Snake:2 |   17563 |       0 |   0.0 |      34 |       0 |   0.0
    Snake:3 |   20860 |   10857 |  34.2 |      39 |      13 |  25.0
    Snake:4 |   27279 |   39573 |  59.2 |      54 |      62 |  53.4
      Orc:1 |    1126 |       0 |   0.0 |      17 |       0 |   0.0
      Orc:2 |    2012 |   10812 |  84.3 |      19 |      38 |  66.7
   Vaults:1 |   31567 |   28893 |  47.8 |      90 |      44 |  32.8
   Vaults:2 |   11906 |   35523 |  74.9 |      21 |      54 |  72.0
   Vaults:3 |   36703 |   17929 |  32.8 |      73 |      31 |  29.8
   Vaults:4 |   38752 |   67019 |  63.4 |      52 |      62 |  54.4
   Vaults:5 |   35650 |   85888 |  70.7 |      42 |      52 |  55.3
    Crypt:1 |   15991 |       0 |   0.0 |      22 |       0 |   0.0
    Crypt:2 |   36690 |     972 |   2.6 |      47 |       2 |   4.1
    Crypt:3 |   35243 |   11776 |  25.0 |      40 |      12 |  23.1
   Depths:1 |   29956 |    1989 |   6.2 |      43 |       2 |   4.4
   Depths:2 |   33764 |   16575 |  32.9 |      41 |      11 |  21.2
   Depths:3 |   38267 |    6606 |  14.7 |      42 |       8 |  16.0
   Depths:4 |   37834 |   12786 |  25.3 |      47 |      15 |  24.2
   Depths:5 |    3294 |  121469 |  97.4 |       2 |     101 |  98.1
      Zot:1 |   22879 |       0 |   0.0 |      10 |       0 |   0.0
      Zot:2 |   13207 |       0 |   0.0 |      10 |       0 |   0.0
     Bailey |       0 |    1516 | 100.0 |       0 |      18 | 100.0
      IceCv |       0 |    9598 | 100.0 |       0 |      36 | 100.0
   Gauntlet |       0 |    5082 | 100.0 |       0 |      13 | 100.0
            +---------+---------+-------+---------+---------+-------
